 Dungeon Crawl Stone Soup version 0.21-a0-630-g344d351 (webtiles) character file.

43 Alarkh the Digger (level 3, 22/22 HPs)
             Began as an Octopode Earth Elementalist on Dec 26, 2017.
             Got out of the dungeon alive.
             The game lasted 00:02:11 (1701 turns).

Alarkh the Digger (Octopode Earth Elementalist)     Turns: 1701, Time: 00:02:11

Health: 22/22      AC:  1    Str:  7    XL:     3   Next: 58%
Magic:  6/6        EV: 13    Int: 18    God:
Gold:   60         SH:  0    Dex: 12    Spells: 0/6 levels left

rFire    . . .     SeeInvis .     - Unarmed
rCold    . . .     Gourm    .   (no shield)
rNeg     . . .     Faith    .   (helmet restricted)
rPois    .         Spirit   .   (no amulet)
rElec    .         Reflect  .   (no ring)
rCorr    .         Harm     .   (no ring)
MR       .....                  (no ring)
Stlth    +++.......             (no ring)
HPRegen  0.07/turn              (no ring)
MPRegen  0.10/turn              (no ring)
                                (no ring)
                                (no ring)

@: no status effects
A: almost no armour, stealthy swim, amphibious, 8 rings, constrict 8, camouflage
1, gelatinous body 1
a: no special abilities


You escaped.
You were hungry.

You visited 1 branch of the dungeon, and saw 2 of its levels.

You collected 60 gold pieces.

Inventory:

Missiles
 b - 48 stones (quivered)
Scrolls
 g - 4 scrolls of identify {unknown}
 i - a scroll of fog {unknown}
 j - a scroll of teleportation {unknown}
Potions
 a - a potion of might {unknown}
 e - a potion of mutation {unknown}
 f - a potion of curing {unknown}
Books
 d - a book of Geomancy

   Spells                             Type                      Level
   a - Sandblast                      Earth                        1
   b - Passwall                       Transmutation/Earth          2
   c - Stone Arrow                    Conjuration/Earth            3
   d - Petrify                        Transmutation/Earth          4
   e - Lee's Rapid Deconstruction     Earth                        5
Comestibles
 c - a ration


   Skills:
 + Level 0.3 Fighting
 + Level 2.1 Dodging
 - Level 2.6 Stealth
 * Level 2.0 Unarmed Combat
 + Level 2.4 Spellcasting
 - Level 1.0 Transmutations
 + Level 3.3 Earth Magic


You couldn't memorise any spells.
You knew the following spells:

 Your Spells              Type           Power        Failure   Level  Hunger
a - Sandblast             Erth           ##....       4%          1    #......
b - Passwall              Tmut/Erth      ##........   11%         2    ##.....
c - Stone Arrow           Conj/Erth      #.....       26%         3    ###....


Dungeon Overview and Level Annotations

Branches:
Dungeon (2/15)

Altars:

Annotations:
D:2 Natasha


Innate Abilities, Weirdness & Mutations

You cannot wear most types of armour.
You are very stealthy in the water. (Stealth+)
You are amphibious.
You can wear up to eight rings at the same time.
You can use your tentacles to constrict eight enemies at once.
Your skin changes colour to match your surroundings (Stealth+).
Your rubbery body absorbs attacks. (AC +1, EV +1)


Message History

Your grab misses the giant cockroach. The giant cockroach closely misses you.
You tentacle-slap the giant cockroach but do no damage.
You grab the giant cockroach. You squeeze the giant cockroach.
You kill the giant cockroach!
Your Unarmed Combat skill increases to level 2!
A goblin comes into view. It is wielding a club.
There is a stone staircase leading up here.
You climb upwards.
There is a stone staircase leading down here.
Things that are here:
a chain mail; a club; a dagger
There is an open door here.
You are feeling hungry.
(D) Dungeon
Where to? (Enter - D:1 @ (x,y), ? - help)
You see here a dagger.
There is an open door here.
There is a staircase leading out of the dungeon here.
Are you sure you want to leave the Dungeon?
This will make you lose the game!
You have escaped!

#.....[...§≈≈≈≈≈§.§..........#
#.....≈≈§≈≈≈≈≈§≈≈≈§..........#
#.....≈§§§≈≈....≈≈≈≈≈≈§......#
#.....≈§§§≈.......§≈≈≈§§≈....#
#.....§≈≈............≈§§≈....#
#.....≈≈≈.##########.≈§≈§....#
#.....≈≈..##########...≈§....#
#.....≈...##......##...§§§...#
#....§≈§..##.@....##....≈§...#
#.....≈≈..##......##...§§....#
#.....≈..########'####..≈....#
#....§§..########.####..§....#
#....§§§.##.....).).##.≈≈....#
#.....≈.###.........##.§≈§...#
#.....≈.##..........##§.§....#
#.....≈.##'###########..§..).#
#.....≈...§§............≈....#


There were no monsters in sight!

Vanquished Creatures
  2 oozes (D:1)
  A leopard gecko (D:1)
  8 bats
  3 giant cockroaches
  3 hobgoblins (D:1)
  3 frilled lizards (D:1)
  4 goblins (D:1)
  4 kobolds (D:1)
  3 rats (D:1)
31 creatures vanquished.

Notes
Turn   | Place    | Note
-------+----------+-------------------------------------------
     0 | D:1      | Alarkh the Octopode Earth Elementalist began the quest for the Orb.
     0 | D:1      | Reached XP level 1. HP: 11/11 MP: 3/3
   237 | D:1      | Reached skill level 1 in Unarmed Combat
   237 | D:1      | Reached XP level 2. HP: 10/17 MP: 1/5
  1025 | D:1      | Reached XP level 3. HP: 20/21 MP: 6/6
  1029 | D:1      | Learned a level 2 spell: Passwall
  1033 | D:1      | Learned a level 3 spell: Stone Arrow
  1644 | D:2      | Noticed Natasha
  1701 | D:$      | Got out of the dungeon alive.

Vault maps used:
D:1:      erik_arrival_gehennom
D:2:      uniq_natasha

Skill      XL: |  1  2  3 |
---------------+----------+-----
Unarmed Combat | 1 2 |  2.0
Fighting       | |  0.3
Dodging        | |  2.1
Stealth        | |  2.6
Spellcasting   | |  2.4
Transmutations | |  1.0
Earth Magic    | |  3.3

Action                   || total
-------------------------++-------
Melee: Unarmed           ||    89
       Constrict         ||    27
       Tentacles         ||    12
 Cast: Sandblast         ||     7
 Stab: Sleeping          ||     7
  Eat: Chunk             ||     2
Armor: Skin              ||    13
Dodge: Dodged            ||    66

Table legend:
 A = Spawn XP
 B = Non-spawn XP
 C = Spawn XP percentage of total XP
 D = Spawn monster count
 E = Non-spawn monster count
 F = Spawn count percentage of total count
 G = Total turns spent on level
                    A         B        C        D         E        F      G
               +---------+---------+-------+---------+---------+-------+---------
         Total |       0 |      62 |   0.0 |       0 |      31 |   0.0 |  1701
               +---------+---------+-------+---------+---------+-------+---------
           D:1 |       0 |      58 |   0.0 |       0 |      29 |   0.0 |  1682
           D:2 |       0 |       4 |   0.0 |       0 |       2 |   0.0 |    19
               +---------+---------+-------+---------+---------+-------+---------
